 Dungeon Sprint DCSS version 0.28.0-45-g0d030f2227 (webtiles) character file.

Game seed: 4054460587061468384

410 boopmooplesden the Carver (level 6, 0/67 HPs)
             Began as a Minotaur Berserker on Apr 14, 2022.
             Was a Priest of Trog.
             Slain by a human (4 damage)
             ... in the Dungeon (Sprint III: "The Ten Rune Challenge").
             The game lasted 00:01:45 (708 turns).

boopmooplesden the Carver (Minotaur Berserker)       Turns: 708, Time: 00:01:46

Health: 0/67       AC:  2    Str: 23    XL:     6   Next: 58%
Magic:  5/5        EV: 13    Int:  4    God:    Trog [***...]
Gold:   28         SH:  0    Dex: 10    Spells: 5/5 levels left

rFire   . . .      SeeInvis .   a - +0 falchion
rCold   . . .      Faith    .   (no shield)
rNeg    . . .      Spirit   .   b - +0 animal skin
rPois   .          Reflect  .   (helmet restricted)
rElec   .          Harm     .   (no cloak)
rCorr   .          Rampage  .   (no gloves)
Will    ++...      Rage     1%  (no boots)
Stlth   ++........ NoTele   +   (no amulet)
HPRegen 1.21/turn               (no ring)
MPRegen 0.09/turn               (no ring)

@: strong-willed, regenerating
A: horns 2, retaliatory headbutt, berserk 1
a: Renounce Religion, Berserk, Trog's Hand


You were in the Dungeon.
You worshipped Trog.
Trog was most pleased with you.
You visited 1 branch You collected 28 gold pieces.

Inventory:

Hand Weapons
 a - a +0 falchion (weapon)
Armour
 b - a +0 animal skin (worn)
Wands
 j - a wand of iceblast (8)
Scrolls
 h - a scroll of blinking
 i - a scroll of enchant weapon {unknown}
 k - a scroll of torment {unknown}
 l - 3 scrolls of identify
 n - a scroll of holy word {unknown}
Potions
 c - 2 potions of curing
 e - a potion of haste
 f - 2 potions of magic
 g - 2 potions of berserk rage
 m - 2 potions of flight
 o - a potion of invisibility {unknown}


   Skills:
 + Level 10.6 Fighting
 + Level 11.7 Long Blades
 + Level 5.3 Armour
 + Level 5.4 Dodging
 + Level 2.4 Stealth


You had 5 spell levels left.
You didn't know any spells.
Your spell library was empty.

Dungeon Overview and Level Annotations

Branches:
Dungeon (1/1)

Altars:
Dithmenos
Okawaru
Ru
Trog
Uskayaw
Wu Jian
Yredelemnul
Beogh


Innate Abilities, Weirdness & Mutations

You have a pair of horns on your head.
You reflexively headbutt those who attack you in melee.
You tend to lose your temper in combat.


Message History

You slash the human!
The human is almost dead.
You recover from your berserk rage.
The human hits you with a +0 whip! The human closely misses you.
You furiously retaliate!
You headbutt the human. The human completely misses you.
You hit the human but do no damage. You headbutt the human.
You kill the human!
Trog accepts your kill. The human hits you!
* * * LOW HITPOINT WARNING * * *
Your Fighting skill increases to level 10!
Your Long Blades skill increases to level 11!
Your Armour skill increases to level 5!
Your Dodging skill increases to level 5!
You feel much better. The human hits you!
You closely miss the human. You headbutt the human!
The human is severely wounded.
The human hits you.
* * * LOW HITPOINT WARNING * * *
You hit the human.
The human is severely wounded.
You miss the human. Your headbutt misses the human.
The human is severely wounded.
The human hits you.
* * * LOW HITPOINT WARNING * * *
You hit the human.
The human is severely wounded.
The human hits you!
* * * LOW HITPOINT WARNING * * *
You hit the human.
The human is almost dead.
The human hits you!
* * * LOW HITPOINT WARNING * * *
You barely miss the human.
The human is almost dead.
You hit the human but do no damage. Your punch misses the human.
The human is almost dead.
The human hits you.
You die...

▓▓▓ ### ##.# ########
..#####..# #___#__#
...#..#..# #__ #)_#
...#..#..###+#'###'##
#..##'#..#.....)@...#
#..###...'.⌠...p....#
.†####...#...######+#
..###....#.⌠.#
..##.....#...#
..#÷.....#+###
##.#.....# #####....#
▓ ▓▓▓▓▓▓


You could see a human (strong).

Vanquished Creatures
  A necrophage (D)
  A water elemental (D)
  A scorpion (D)
  Jessica (D)
  A necromancer (D)
  2 humans (D)
  3 rats (D)
10 creatures vanquished.

Notes
Turn   | Place    | Note
-------+----------+-------------------------------------------
     0 | D        | boopmooplesden the Minotaur Berserker began the quest for
                  | the Orb.
     0 | D        | Reached XP level 1. HP: 19/19 MP: 0/0
    10 | D        | Reached skill level 1 in Stealth
    27 | D        | Noticed Jessica
    36 | D        | Killed Jessica
    36 | D        | Reached ** piety under Trog
    37 | D        | Reached skill level 5 in Fighting
    37 | D        | Reached skill level 5 in Long Blades
    37 | D        | Reached XP level 2. HP: 20/29 MP: 1/1
   211 | D        | Noticed a scorpion
   215 | D        | Killed a scorpion
   216 | D        | Reached skill level 7 in Long Blades
   216 | D        | Reached XP level 3. HP: 38/38 MP: 2/2
   216 | D        | Reached XP level 4. HP: 45/45 MP: 3/3
   366 | D        | Gained mutation: You tend to lose your temper in combat.
                  | [potion of mutation]
   366 | D        | Gained mutation: You are frail. (-10% HP) [potion of
                  | mutation]
   366 | D        | Gained mutation: You are partially covered in iridescent
                  | scales. (AC +2) [potion of mutation]
   367 | D        | Lost mutation: You tend to lose your temper in combat.
                  | [potion of mutation]
   367 | D        | Lost mutation: You are partially covered in iridescent
                  | scales. (AC +2) [potion of mutation]
   367 | D        | Lost mutation: You are frail. (-10% HP) [potion of
                  | mutation]
   367 | D        | Gained mutation: You tend to lose your temper in combat.
                  | [potion of mutation]
   500 | D        | Noticed a water elemental
   503 | D        | Killed a water elemental
   504 | D        | Reached skill level 9 in Long Blades
   504 | D        | Reached XP level 5. HP: 53/53 MP: 4/4
   645 | D        | Found a basalt altar of Yredelemnul.
   645 | D        | Found a shadowy altar of Dithmenos.
   645 | D        | Found a sacrificial altar of Ru.
   645 | D        | Noticed a necrophage
   649 | D        | Killed a necrophage
   649 | D        | Reached *** piety under Trog
   650 | D        | Reached skill level 10 in Long Blades
   654 | D        | Reached XP level 6. HP: 64/64 MP: 5/5
   686 | D        | Found a hide-covered altar of Uskayaw.
   686 | D        | Found an iron altar of Okawaru.
   686 | D        | Found a bloodstained altar of Trog.
   686 | D        | Found an ornate altar of the Wu Jian Council.
   686 | D        | Noticed a human
   687 | D        | Noticed a human
   700 | D        | Killed a human
   701 | D        | Reached skill level 10 in Fighting
   701 | D        | Reached skill level 11 in Long Blades
   701 | D        | Reached skill level 5 in Armour
   701 | D        | Reached skill level 5 in Dodging
   706 | D        | HP: 2/67 [human (8)]
   708 | D        | Slain by a human

Illustrated notes

Levels and vault maps discovered:
D:        dungeon_sprint_mu [sprint_mu_entry_cave, sprint_mu_temple_rooms,
          sprint_mu_d1_horrors, sprint_mu_d2_genie, sprint_mu_d3_branching,
          sprint_mu_orc_legion, sprint_mu_elf_gauntlet, sprint_mu_hive_nellie,
          sprint_mu_lair_fedhas, sprint_mu_vaults_butterflies,
          sprint_mu_slime_circle, sprint_mu_shoals_archi,
          sprint_mu_snake_twists, sprint_mu_blade_basic,
          sprint_mu_crypt_fortress, sprint_mu_tomb_spiral,
          sprint_mu_vestibule_basic, sprint_mu_gehenna_hellfire,
          sprint_mu_dis_giant, sprint_mu_tartarus_statrot,
          sprint_mu_cocytus_islands, sprint_mu_zot1]

Skill      XL: |  1  2  3  4  5  6 |
---------------+-------------------+-----
Stealth        | 1 2 |  2.4
Fighting       | 5 6 8 9 10 | 10.6
Long Blades    | 5 7 9 10 11 | 11.7
Armour         | 3 4 5 |  5.3
Dodging        | 3 4 5 |  5.4

Action                   |  1- 3 |  4- 6 || total
-------------------------+-------+-------++-------
Melee: Falchion          |    11 |    31 ||    42
       Punch             |     1 |       ||     1
       Headbutt          |     1 |     8 ||     9
Invok: Berserk           |     2 |     2 ||     4
       Trog's Hand       |       |     1 ||     1
  Use: Potion            |     1 |     3 ||     4
 Stab: Sleeping          |     1 |       ||     1
Armor: Animal skin       |     1 |       ||     1
Dodge: Dodged            |     2 |    12 ||    14
